 Dungeon Crawl Stone Soup version 0.22-a0-558-gc224181 (webtiles) character file.

42 inc the Chucker (level 3, -2/37 HPs)
             Began as an Ogre Hunter on June 26, 2018.
             Slain by a gnoll
             ... wielding a +0 spear
              (3 damage)
             ... on level 2 of the Dungeon.
             The game lasted 00:01:08 (1118 turns).

inc the Chucker (Ogre Hunter)                       Turns: 1118, Time: 00:01:08

Health: -2/37      AC:  3    Str: 17    XL:     3   Next: 56%
Magic:  3/3        EV: 10    Int: 12    God:
Gold:   118        SH:  0    Dex:  9    Spells: 2/2 levels left

rFire    . . .     SeeInvis .   e - +0 mace
rCold    . . .     Gourm    .   (no shield)
rNeg     . . .     Faith    .   b - +0 robe
rPois    .         Spirit   .   (helmet restricted)
rElec    .         Reflect  .   (no cloak)
rCorr    .         Harm     .   (gloves unavailable)
MR       .....                  (boots unavailable)
Stlth    +.........             i - amulet of the acrobat
HPRegen  0.12/turn              (no ring)
MPRegen  0.08/turn              (no ring)

@: no status effects
A: large, unfitting armour, tough skin 1
a: no special abilities


You were on level 2 of the Dungeon.
You were not hungry.

You visited 1 branch of the dungeon, and saw 2 of its levels.

You collected 118 gold pieces.

Inventory:

Hand Weapons
 a - a +0 short sword
 e - a +0 mace (weapon)
Missiles
 c - 5 large rocks (quivered)
 d - 2 throwing nets
Armour
 b - a +0 robe (worn)
Jewellery
 i - an amulet of the acrobat (around neck)
Scrolls
 h - a scroll of amnesia {unknown}
 k - 3 scrolls of random uselessness {unknown}
 l - a scroll of identify {unknown}
 m - a scroll of noise {unknown}
Potions
 g - a potion of degeneration {unknown}
 j - a potion of might {unknown}
Comestibles
 f - 7 rations


   Skills:
 - Level 3.6 Fighting
 + Level 2.2 Maces & Flails
 - Level 4.0 Throwing
 - Level 1.7 Dodging
 - Level 0.6 Stealth


You had 2 spell levels left.
You didn't know any spells.
Your spell library was empty.

Dungeon Overview and Level Annotations

Branches:
Dungeon (2/15)

Altars:
Vehumet


Innate Abilities, Weirdness & Mutations

You are too large for most types of armour.
You have tough skin. (AC +1)


Message History

You completely miss the gnoll. The gnoll barely misses you.
The gnoll hits you but does no damage.
You hit the gnoll but do no damage.
The gnoll hits you from afar with a spear!
The gnoll closely misses you. The gnoll barely misses you.
You hit the gnoll but do no damage. The gnoll hits you!
The gnoll barely misses you.
You hit the gnoll.
The gnoll is moderately wounded.
The gnoll barely misses you. The gnoll closely misses you.
You hit the gnoll.
The gnoll is severely wounded.
The gnoll hits you. The gnoll barely misses you. The gnoll hits you.
* * * LOW HITPOINT WARNING * * *
You hit the gnoll.
The gnoll is severely wounded.
The gnoll barely misses you. The gnoll hits you!
* * * LOW HITPOINT WARNING * * *
The gnoll hits you from afar with a spear.
You die...

....#.# #.##.#....##.รท.#
....#.#### #.##...# #...#
.........# #.#..########.##
.<.......####.#..# #.....#
.........##.....g# #.###.#
.........##..###g# #.# #.#
.##......##..# #g# ##.# #.#
.###.........# #g###..# #.#
[# #......#.####@#...## #.#
.###........#......### #.#
...#..........##.### #.#
.....##.#.....##.# #.#
###.....#..##.##.### #.###
##...#....###.##...######...#
.#.#.#..............).......#
..........#####....###......#
.#...#.....##..........##.###


You could see 3 gnolls and a hobgoblin.

Vanquished Creatures
  An adder (D:2)
  3 dart slugs
  A leopard gecko (D:1)
  4 bats
  2 giant cockroaches
  4 goblins (D:1)
  3 hobgoblins
  2 kobolds
  3 frilled lizards
  3 rats
26 creatures vanquished.

Notes
Turn   | Place    | Note
-------+----------+-------------------------------------------
     0 | D:1      | inc the Ogre Hunter began the quest for the Orb.
     0 | D:1      | Reached XP level 1. HP: 22/22 MP: 1/1
   199 | D:1      | Reached XP level 2. HP: 26/31 MP: 2/2
   535 | D:1      | Reached skill level 1 in Maces & Flails
   766 | D:2      | Reached XP level 3. HP: 27/37 MP: 3/3
   793 | D:2      | Found a faded altar of an unknown god.
   862 | D:2      | Found a radiant altar of Vehumet.
  1118 | D:2      | HP: 1/37 [gnoll (9)]
  1118 | D:2      | Slain by a gnoll

Vault maps used:
D:1:      mrwooster_arrival_statue, hangedman_decor_points
D:2:      vehumet_crystals, chequers_ecumenical_altar_twisty

Skill      XL: |  1  2  3 |
---------------+----------+-----
Fighting       | 3 |  3.6
Maces & Flails | 1 2 |  2.2
Throwing       | |  4.0
Dodging        | |  1.7
Stealth        | |  0.6

Action                   || total
-------------------------++-------
Melee: Short sword       ||     8
       Mace              ||    78
  Eat: Chunk             ||     1
Armor: Robe              ||    25
Dodge: Dodged            ||    66

Table legend:
 A = Spawn XP
 B = Non-spawn XP
 C = Spawn XP percentage of total XP
 D = Spawn monster count
 E = Non-spawn monster count
 F = Spawn count percentage of total count
 G = Total turns spent on level
                    A         B        C        D         E        F      G
               +---------+---------+-------+---------+---------+-------+---------
         Total |       0 |      61 |   0.0 |       0 |      26 |   0.0 |  1118
               +---------+---------+-------+---------+---------+-------+---------
           D:1 |       0 |      32 |   0.0 |       0 |      16 |   0.0 |   757
           D:2 |       0 |      29 |   0.0 |       0 |      10 |   0.0 |   361
               +---------+---------+-------+---------+---------+-------+---------
